 Dungeon Crawl Stone Soup version 0.25-a0-544-gee0576305d (webtiles) character file.

Game seed: 11981844822554279942, levelgen mode: classic

66683 EnegeticOcto the Cleaver (level 14, 0/139 HPs)
             Began as a Deep Dwarf Fighter on Feb 20, 2020.
             Was a High Priest of Makhleb.
             Slain by an entropy weaver (4 damage)
             ... on level 3 of the Spider Nest.
             The game lasted 00:13:06 (12004 turns).

EnegeticOcto the Cleaver (Deep Dwarf Fighter)      Turns: 12004, Time: 00:13:06

Health: 0/139      AC:  8    Str: 24    XL:     14   Next: 80%
Magic:  0/0        EV: 12    Int: 10    God:    Makhleb [*****.]
Gold:   1975       SH: 13    Dex: 12    Spells: 13/13 levels left

rFire    + . .     SeeInvis +   a - +2 broad axe
rCold    + . .     Gourm    .   c - +1 kite shield
rNeg     + . .     Faith    .   m - +3 chain mail {rC+}
rPois    .         Spirit   .   l - +0 mask of the Dragon {MR+ Slay+3 SInv}
rElec    .         Reflect  .   (no cloak)
rCorr    .         Harm     +   z - +2 pair of gloves
MR       +++..                  w - +0 pair of boots
Stlth    ..........             K - amulet of harm
HPRegen  0.00/turn              q - ring of protection from fire
MPRegen  0.07/turn              r - +5 ring of protection {=R}

@: lethally poisoned (0 -> -19), corroded, non-regenerating
A: damage resistance, heal wounds, negative energy resistance 1, sense
surroundings 2, no regeneration
a: Heal Wounds, Minor Destruction, Lesser Servant of Makhleb, Major Destruction,
Greater Servant of Makhleb, Renounce Religion


You were on level 3 of the Spider Nest.
You worshipped Makhleb.
Makhleb was extremely pleased with you.
You were not hungry.

You visited 5 branches of the dungeon, and saw 23 of its levels.
You also visited: Ossuary and Bailey.

You collected 3102 gold pieces.
You spent 1127 gold pieces at shops.

Inventory:

Hand Weapons
 a - a +2 broad axe (weapon)
 D - a +2 broad axe
Missiles
 s - a throwing net (quivered)
Armour
 c - a +1 kite shield (worn)
 l - the +0 mask of the Dragon (worn) {MR+ Slay+3 SInv}
   (You found it on level 7 of the Dungeon)

   It affects your accuracy and damage with ranged weapons and melee attacks
   (+3).
   It affects your resistance to hostile enchantments.
   It lets you see invisible.
   If you remove this armour, your AC will remain unchanged.
 m - a +3 chain mail of cold resistance (worn)
 w - a +0 pair of boots (worn)
 z - a +2 pair of gloves (worn)
Jewellery
 q - a ring of protection from fire (left hand)
 r - a +5 ring of protection (right hand) {=R}
 K - an amulet of harm (around neck)
Wands
 C - a wand of paralysis (10)
 H - a wand of polymorph (7)
 I - a wand of disintegration (14)
 J - a wand of iceblast (10)
Scrolls
 f - 3 scrolls of magic mapping {@r5}
 g - 2 scrolls of holy word
 i - 2 scrolls of fear
 o - 6 scrolls of enchant armour
 t - 2 scrolls of immolation {@r4}
 x - a scroll of identify {@r1}
 y - 4 scrolls of teleportation {@r2}
 B - a scroll of fog
 F - a scroll of vulnerability
Potions
 d - 2 potions of curing {@q1}
 h - 2 potions of cancellation
 j - 6 potions of stabbing {@q5}
 k - 5 potions of might {@q3}
 n - 7 potions of haste {@q4}
 p - 7 potions of flight
 u - a potion of ambrosia
 v - 6 potions of heal wounds {@q2}
 A - 3 potions of berserk rage
 E - a potion of magic {unknown}
 G - 3 potions of lignification {@q7}
 L - a potion of mutation
Comestibles
 b - 3 chunks of flesh
 e - 29 rations


   Skills:
 * Level 12.5 Fighting
 * Level 14.4 Axes
 + Level 10.9 Armour
 + Level 10.3 Dodging
 + Level 10.9 Shields
 + Level 11.9 Invocations


You had 13 spell levels left.
You didn't know any spells.
Your spell library was empty.

Dungeon Overview and Level Annotations

Branches:
Dungeon (15/15)            Temple (1/1) D:4            Lair (2/6) D:11
  Swamp (0/4) Lair:2       Spider (3/4) Lair:2          Orc (2/2) D:9
    Elf (0/3) Orc:2        Vaults (0/5) D:14         Depths (0/5) D:15
Ossuary (visited)          Bailey (visited)

Altars:
Ashenzari
Cheibriados
Elyvilon
Fedhas
Gozag
Hepliaklqana
Kikubaaqudgha
Makhleb
Nemelex Xobeh
Okawaru
Qazlal
Ru
Sif Muna
Trog
Uskayaw
Vehumet
Wu Jian
Xom
Yredelemnul
Zin
The Shining One

Shops:
D:6 (   D:12 *   D:14 %   Orc:2 *=!*[:[[

Annotations:
Spider:1 3 runed translucent doors
Spider:3 Bai Suzhen


Innate Abilities, Weirdness & Mutations

You are resistant to damage.
You can heal yourself by infusing magical energy.
You resist negative energy. (rN+)
You passively map the area around you.
You do not regenerate.


Message History

The seven-headed hydra barely misses you.
The seven-headed hydra bites you!
The seven-headed hydra bites you but does no damage.
The seven-headed hydra bites you!
* * * LOW HITPOINT WARNING * * *
The seven-headed hydra misses you. The seven-headed hydra bites you.
The redback is engulfed in blazing flames.
The redback explodes!
The fiery explosion engulfs the entropy weaver!!
Flame seeps out of the entropy weaver.
The entropy weaver is heavily wounded.
The fiery explosion engulfs Bai Suzhen!
Flame seeps out of Bai Suzhen.
Bai Suzhen is moderately wounded.
The fiery explosion engulfs the seven-headed hydra!
The seven-headed hydra is moderately wounded.
Makhleb accepts your kill.
You feel better.
The tarantella is engulfed in blazing flames.
The tarantella explodes!
The fiery explosion engulfs the orb spider!
Flame seeps out of the orb spider.
The orb spider is heavily wounded.
Makhleb accepts your kill.
You feel better.
A wolf spider comes into view.
Bai Suzhen is engulfed in blazing flames.
Flame seeps out of Bai Suzhen.
Bai Suzhen roars in fury and transforms into a fierce dragon!
A violent storm begins to rage around Bai Suzhen.
You block Bai Suzhen's attack. Bai Suzhen claws you! Bai Suzhen tramples you.
You hold your ground!
The seven-headed hydra is struck by lightning.
The entropy weaver hits you!
* * * LOW HITPOINT WARNING * * *
You block the entropy weaver's attack. The entropy weaver hits you.
* * * LOW HITPOINT WARNING * * *
The entropy weaver completely misses you.
The demonic crawler is engulfed in blazing flames.
You hear an angry hiss. x2
You hit the entropy weaver but do no damage.
The entropy weaver is heavily wounded.
You lop one of the seven-headed hydra's heads off!
The six-headed hydra grows two more!
You hit the eight-headed hydra.
You hit the demonic crawler but do no damage.
You hit Bai Suzhen but do no damage.
You are engulfed in blazing flames.
You resist.
* * * LOW HITPOINT WARNING * * *
You feel very sick.
The tarantella is engulfed in blazing flames.
The eight-headed hydra bites you but does no damage.
The eight-headed hydra bites you!
* * * LOW HITPOINT WARNING * * *
The eight-headed hydra bites you.
* * * LOW HITPOINT WARNING * * *
The eight-headed hydra bites you. The eight-headed hydra bites you!
* * * LOW HITPOINT WARNING * * *
The eight-headed hydra misses you. The eight-headed hydra bites you.
* * * LOW HITPOINT WARNING * * *
The eight-headed hydra bites you.
The wolf spider is engulfed in blazing flames.
The orb spider is engulfed in blazing flames.
Flame seeps out of the orb spider.
The entropy weaver gestures wildly while chanting.
The entropic weave corrodes you!
The seven-headed hydra is engulfed in blazing flames.
A redback comes into view.
The demonic crawler is engulfed in blazing flames.
The demonic crawler hits you but does no damage.
The demonic crawler closely misses you. You block the demonic crawler's attack.
Okay, then.
You don't have enough innate magic capacity.
You feel much better.
You are engulfed in blazing flames.
You resist.
* * * LOW HITPOINT WARNING * * *
x2 You feel very sick.
The tarantella is engulfed in blazing flames.
The redback is engulfed in blazing flames.
The seven-headed hydra is engulfed in blazing flames.
You kill the seven-headed hydra!
The seven-headed hydra's corpse disappears in a puff of smoke!
A redback comes into view.
The orb spider is engulfed in blazing flames.
The orb spider explodes!
The fiery explosion engulfs the emperor scorpion!!
Flame seeps out of the emperor scorpion.
The emperor scorpion is moderately wounded.
The fiery explosion engulfs the tarantella!!!
You kill the tarantella!
Makhleb accepts your kill. x2
You feel better.
The eight-headed hydra is struck by lightning.
The eight-headed hydra bites you!
* * * LOW HITPOINT WARNING * * *
The eight-headed hydra misses you.
The eight-headed hydra bites you but does no damage.
You block the eight-headed hydra's attack. x2
The eight-headed hydra barely misses you.
The eight-headed hydra bites you!
* * * LOW HITPOINT WARNING * * *
The eight-headed hydra bites you. The entropy weaver hits you.
You die...

* , , , %....=........, ,
, * ^, .......^...!. ...
,,, ,
.^.....^.....#.....^.. ,,
##.^.........§§§§§s..ss
#............§§§§#s.ss^,,
##.....#^..#s.s°§s.....^
* ≈≈..........°#§sss..^.
*##≈.#.......*#@D°#...
#≈.........^.DDa§§...^ ,
, #....>.......#..ss....
, * ,
#...........^..<...... ,
##...†......#.s......., ,
###†.#.......#....... , ^
, #.<†^^......#..?.... ,
,, #####.^...(.<.......,
, ##............. , ,


You could see Bai Suzhen (inner flame), an emperor scorpion (inner flame), 2
eight-headed hydras, an entropy weaver (inner flame), a demonic crawler, 3 wolf
spiders, 3 orb spiders, a jumping spider, a tarantella and 4 redbacks.

Vanquished Creatures
  Rupert (D:12)
  Kirke (D:14)
  An entropy weaver (Spider:3)
  Snorg (D:14)
  Erolcha (Orc:2)
  Josephine (D:12)
  2 ice dragons (D:15)
  A hydra (Lair:2)
  Erica (Orc:1)
  A death knight (D:15)
  3 centaur warriors
  4 two-headed ogres
  2 tengu warriors (D:11)
  An orc high priest (Orc:2)
  8 skeletal warriors
  A wizard (D:14)
  3 orb spiders
  4 orc knights
  7 ugly things
  2 deep elf magi (D:15)
  A manticore (D:12)
  2 wolf spiders (Spider:2)
  5 cyclopes
  3 orc sorcerers (Orc:2)
  A torpor snail (Spider:3)
  A spiny frog (Lair:1)
  3 gargoyles
  5 centaur skeletons
  A kobold demonologist (D:14)
  3 demonic crawlers
  A freezing wraith (D:15)
  3 jumping spiders
  3 meliai (D:14)
  4 hornets
  A troll (Orc:1)
  A polar bear (Lair:2)
  A hippogriff (D:13)
  6 slime creatures (D:15)
  2 bog bodies (Lair:2)
  A meliai zombie (D:13)
  A vampire (D:10)
  27 yaks
  A spriggan (Lair:2)
  20 redbacks
  4 tarantellas
  A human (D:8)
  4 wyverns
  6 hogs
  3 hungry ghosts
  3 wraiths (D:12)
  3 basilisks
  11 vampire mosquitoes
  A warg (Orc:2)
  Edmund (D:6)
  3 water moccasins
  2 acid dragons
  7 porcupines
  4 sky beasts
  6 black bears
  21 orc warriors
  3 eyes of draining
  4 ice beasts
  A necrophage (D:5)
  3 wolves (Lair:2)
  9 ogres
  4 crocodiles
  7 centaurs
  A big kobold (D:13)
  13 bullfrogs
  A gnoll sergeant (D:11)
  A wyvern skeleton (D:10)
  7 scorpions
  4 wights (D:8)
  An electric eel (D:13)
  7 howler monkeys
  6 crimson imps
  3 quasits
  3 centaur zombies
  2 bullfrog zombies (D:9)
  A human zombie (Ossuary)
  5 hounds
  5 jellies
  2 bullfrog skeletons
  13 orc priests
  4 iguanas
  27 orc wizards
  9 worker ants
  2 hound skeletons
  3 mummies (Ossuary)
  A worker ant zombie (D:10)
  16 gnolls
  9 adders
  3 shadow imps
  3 oozes
  4 worms
  A dart slug (D:1)
  6 leopard geckos
  84 orcs
  4 giant cockroaches
  9 goblins
  2 hobgoblins
  8 jackals
  18 kobolds
  4 quokkas
  A ball python (D:4)
  3 frilled lizards
  A giant cockroach zombie (D:5)
  A gnoll zombie (Ossuary)
  A goblin skeleton (D:7)
  2 goblin zombies (D:7)
  2 hobgoblin zombies
  3 kobold zombies
  2 leopard gecko skeletons
  A leopard gecko zombie (D:6)
  An orc skeleton (D:7)
  2 orc zombies (D:7)
  A quokka zombie (D:5)
  3 rats
  A plant (Lair:2)
571 creatures vanquished.

Vanquished Creatures (collateral kills)
  A hydra (D:13)
  A death knight (D:12)
  A centaur warrior (D:14)
  2 orc high priests (Orc:2)
  An orc knight (Orc:2)
  A wolf spider (Spider:2)
  An orb spider (Spider:2)
  An ugly thing (D:14)
  An orc sorcerer (Orc:2)
  A gargoyle (D:12)
  A redback (Spider:3)
  A tarantella (Spider:2)
  A vampire mosquito (D:12)
  A bullfrog (D:13)
  An iguana (D:12)
  A hobgoblin (D:12)
  A quokka (D:12)
18 creatures vanquished.

Vanquished Creatures (others)
  A fungus (D:11)
1 creature vanquished.

Grand Total: 590 creatures vanquished

Notes
Turn   | Place    | Note
-------+----------+-------------------------------------------
     0 | D:1      | EnegeticOcto the Deep Dwarf Fighter began the quest for the
                  | Orb.
     0 | D:1      | Reached XP level 1. HP: 20/20 MP: 1/1
    95 | D:1      | Reached XP level 2. HP: 18/27 MP: 2/2
   293 | D:3      | Reached XP level 3. HP: 34/34 MP: 3/3
   305 | D:3      | Reached skill level 3 in Axes
   399 | D:4      | Reached skill level 1 in Dodging
   415 | D:4      | Reached XP level 4. HP: 37/42 MP: 4/4
   518 | D:4      | Reached XP level 5. HP: 39/49 MP: 5/5
   531 | D:4      | Reached skill level 4 in Axes
   554 | D:4      | Found a staircase to the Ecumenical Temple.
   563 | Temple   | Entered the Ecumenical Temple
   678 | Temple   | Became a worshipper of Makhleb the Destroyer
   777 | D:4      | Found a sand-covered staircase.
   795 | Ossuary  | Entered an ossuary
   882 | Ossuary  | Reached XP level 6. HP: 41/57 MP: 6/6
   977 | Ossuary  | Reached skill level 1 in Invocations
  1268 | D:5      | Entered Level 5 of the Dungeon
  1576 | D:5      | Reached XP level 7. HP: 53/66 MP: 5/5
  1638 | D:5      | Reached skill level 5 in Axes
  1697 | D:5      | Reached skill level 5 in Fighting
  1698 | D:5      | Reached * piety under Makhleb
  1743 | D:5      | Reached XP level 8. HP: 59/72 MP: 6/6
  1834 | D:5      | Reached skill level 5 in Shields
  1937 | D:5      | Reached skill level 5 in Armour
  1980 | D:5      | Reached skill level 6 in Axes
  2269 | D:5      | Identified a scroll of acquirement
  2305 | D:6      | Noticed Edmund
  2306 | D:6      | Found Loczubet's Weapon Shoppe.
  2322 | D:6      | Killed Edmund
  2395 | D:6      | Reached ** piety under Makhleb
  2774 | D:7      | Reached skill level 7 in Axes
  2774 | D:7      | Gained mutation: You passively map the area around you.
                  | [Deep Dwarf growth]
  2774 | D:7      | Reached XP level 9. HP: 69/82 MP: 8/8
  2904 | D:7      | Found the +0 mask of the Dragon {MR+ Slay+3 SInv}
  3119 | D:7      | Found a glowing golden altar of the Shining One.
  3750 | D:8      | Reached skill level 5 in Invocations
  3759 | D:8      | Reached skill level 5 in Dodging
  3760 | D:8      | Reached skill level 8 in Axes
  3837 | D:8      | Reached *** piety under Makhleb
  3946 | D:8      | Reached XP level 10. HP: 94/94 MP: 10/10
  4374 | D:9      | Found a staircase to the Orcish Mines.
  4407 | D:9      | Reached **** piety under Makhleb
  4593 | D:10     | Entered Level 10 of the Dungeon
  4600 | D:10     | Noticed a two-headed ogre
  4612 | D:10     | Killed a two-headed ogre
  4612 | D:10     | Reached skill level 9 in Axes
  4733 | D:10     | Found a glowing silver altar of Zin.
  4833 | D:10     | Reached XP level 11. HP: 104/104 MP: 1/12
  4837 | D:10     | Paralysed by a hornet for 3 turns
  4857 | D:10     | Reached ***** piety under Makhleb
  5271 | D:11     | Reached skill level 10 in Axes
  5439 | D:11     | Found a staircase to the Lair.
  5923 | D:11     | Noticed a two-headed ogre
  5937 | D:11     | Killed a two-headed ogre
  6014 | D:11     | Noticed a tengu warrior
  6014 | D:11     | Noticed a tengu warrior
  6034 | D:11     | Killed a tengu warrior
  6048 | D:11     | Killed a tengu warrior
  6212 | D:12     | Noticed Rupert
  6216 | D:12     | Reached skill level 11 in Axes
  6225 | D:12     | Noticed Josephine
  6234 | D:12     | Noticed an Executioner
  6235 | D:12     | Noticed an Executioner
  6578 | D:12     | Killed Rupert
  6578 | D:12     | Reached XP level 12. HP: 71/116 MP: 11/11
  6862 | D:12     | Found Bihoaw's General Store.
  6970 | D:12     | Killed Josephine
  6977 | D:12     | Reached skill level 10 in Fighting
  7035 | D:12     | Noticed a death knight
  7036 | D:12     | Found a shimmering altar of Xom.
  7055 | D:12     | Killed a death knight
  7231 | D:13     | Noticed a seven-headed hydra
  7245 | D:13     | Killed a ten-headed hydra
  7403 | D:13     | Reached skill level 12 in Axes
  7486 | D:13     | Noticed a centaur warrior
  7497 | D:13     | Killed a centaur warrior
  7757 | D:13     | Noticed a centaur warrior
  7768 | D:13     | Killed a centaur warrior
  7768 | D:13     | Reached XP level 13. HP: 108/124 MP: 11/11
  7948 | D:14     | Reached skill level 10 in Invocations
  7999 | D:14     | Found a flagged portal.
  8008 | Bailey   | Entered a bailey
  8327 | D:14     | Noticed Kirke
  8351 | D:14     | Killed Kirke
  8577 | D:14     | Noticed Snorg
  8594 | D:14     | Killed Snorg
  8933 | D:14     | Found a gate to the Vaults.
  8941 | D:14     | Reached skill level 13 in Axes
  8972 | D:14     | Found Jaluupn's Food Shop.
  9031 | D:15     | Entered Level 15 of the Dungeon
  9451 | D:15     | Reached skill level 10 in Shields
  9458 | D:15     | Reached skill level 10 in Armour
  9501 | D:15     | HP: 5/127 [ice dragon/blast of cold (15)]
  9957 | D:15     | Gained mutation: You resist negative energy. (rN+) [Deep
                  | Dwarf growth]
  9957 | D:15     | Reached XP level 14. HP: 66/136 MP: 7/7
 10068 | D:15     | Found a staircase to the Depths.
 10327 | Orc:1    | Entered Level 1 of the Orcish Mines
 10349 | Orc:1    | Noticed Erica
 10359 | Orc:1    | Killed Erica
 10618 | Orc:2    | Entered Level 2 of the Orcish Mines
 10641 | Orc:2    | Found Esenuhe's Book Shoppe.
 10646 | Orc:2    | Noticed Erolcha
 10656 | Orc:2    | Killed Erolcha
 10690 | Orc:2    | Found a staircase to the Elven Halls.
 10855 | Orc:2    | Found Belivvo's Distillery.
 10873 | Orc:2    | Bought a potion of mutation for 88 gold pieces
 10873 | Orc:2    | Bought a potion of might for 44 gold pieces
 10873 | Orc:2    | Bought a potion of haste for 110 gold pieces
 10972 | Orc:2    | Found Onoxtonour's Armour Boutique.
 11235 | Orc:2    | Found Dohemna's Armour Emporium.
 11266 | Orc:2    | Found Wupocw's General Store.
 11272 | Orc:2    | Found Waqiotzo's Jewellery Shop.
 11274 | Orc:2    | Found Vekeass's Assorted Antiques.
 11282 | Orc:2    | Bought a copper ring for 155 gold pieces
 11282 | Orc:2    | Bought a scroll of magic mapping for 108 gold pieces
 11289 | Orc:2    | Bought an uncursed ring of protection from fire for 375
                  | gold pieces
 11372 | Orc:2    | Found Nutralext's Antique Armour Boutique.
 11375 | Orc:2    | Bought a scorched cloak for 247 gold pieces
 11375 | Orc:2    | Identified the cursed -6 cloak of the Dice {rPois} (You
                  | bought it in a shop on level 2 of the Orcish Mines)
 11536 | Lair:1   | Entered Level 1 of the Lair of Beasts
 11688 | Lair:2   | Reached skill level 14 in Axes
 11688 | Lair:2   | Reached skill level 10 in Dodging
 11694 | Lair:2   | Found a hole to the Spider Nest.
 11753 | Lair:2   | Found a staircase to the Swamp.
 11813 | Spider:1 | Entered Level 1 of the Spider Nest
 11866 | Spider:1 | Found a runed translucent gate.
 11866 | Spider:1 | Found a runed translucent gate.
 11871 | Spider:1 | Found a runed translucent gate.
 11950 | Spider:3 | Noticed an entropy weaver
 11962 | Spider:3 | Killed an entropy weaver
 11985 | Spider:3 | Noticed Bai Suzhen
 11985 | Spider:3 | Noticed an entropy weaver
 11995 | Spider:3 | Noticed an emperor scorpion
 12003 | Spider:3 | HP: 6/139 [eight-headed hydra[Bai Suzhen] (15)]
 12003 | Spider:3 | HP: 1/139 [eight-headed hydra[Bai Suzhen] (5)]
 12004 | Spider:3 | Slain by an entropy weaver

Levels and vault maps discovered:
D:1:      heliophobic_arrival_glass_houses, layout_rooms
D:2:      cheibrodos_fertilizer, layout_basic
D:3:      layout_loops_ring, nicolae_dithmenos_through_a_glass_darkly,
          first_ration
D:4:      layout_basic, minmay_temple_entry_arrows, chequers_ossuary_entry_cave
D:5:      minmay_polygon_palace, layout_basic, minmay_misc_feat_plants
D:6:      layout_cave_pools, serial_shops, kennysheep_mini_moat, uniq_edmund
D:7:      layout_layer_cave, nicolae_tso_besieged_by_evil
D:8:      layout_cave_pools, grunt_livestock
D:9:      layout_rooms, orc_0_dummy
D:10:     layout_cave_pools, basic_altar
D:11:     layout_stronghold, minmay_lair_entry_grove, minmay_stone_trees_small,
          hangedman_glass_teeth, mrwooster_statue_mirror
D:12:     layout_cave_pools, serial_shops, shop, tgw_xom, uniq_josephine,
          uniq_rupert
D:13:     layout_roguey, nrook_pool_corridor
D:14:     layout_long_grid, david_vaults_1, serial_park_tiny_2, serial_shops,
          nicolae_shop_behind_doors, enter_bailey_7, hex_tiny, uniq_snorg,
          uniq_kirke
D:15:     grunt_enter_depths_hoard, layout_basic, minmay_misc_feat_secret_circle
Temple:   kilobyte_greek_temple
Lair:1:   layout_hall_layers, chequers_serial_rivers_large_a, st_stairs_12,
          tgw_fedhas
Lair:2:   layout_chaotic_city, skrybe_swamp_entry_bodies,
          nicolae_spider_entry_non_spiders, grunt_forest_stairs_clearing,
          lemuel_fruit_fields
Spider:1: layout_spider_delve, ebering_ghost_rock_garden, uniq_asterion
Spider:2: layout_spider_delve, nicolae_spider_circle_web, drop_trap,
          worms_lemuel
Spider:3: layout_spider_delve, uniq_bai_suzhen
Orc:1:    layout_caves, uniq_erica
Orc:2:    st_orc_elflike, layout_caves, serial_shops, shop,
          nicolae_shop_behind_doors, shop, nicolae_shop_statue_plus,
          uniq_erolcha

Skill      XL: |  1  2  3  4  5  6  7  8  9 10 11 12 13 14 |
---------------+-------------------------------------------+-----
Fighting       | 3 4 5 6 7 8 9 10 11 12 | 12.5
Axes           | 3 4 5 7 8 9 11 12 13 14 | 14.4
Dodging        | 1 2 3 4 5 6 7 8 9 10 | 10.3
Armour         | 4 5 6 7 8 9 10 | 10.9
Shields        | 4 5 6 7 8 9 10 | 10.9
Invocations    | 1 3 4 5 7 8 9 11 | 11.9

Action                   |  1- 3 |  4- 6 |  7- 9 | 10-12 | 13-15 || total
-------------------------+-------+-------+-------+-------+-------++-------
Melee: War axe           |    77 |   174 |   399 |   715 |   124 ||  1489
       Broad axe         |       |       |       |       |   557 ||   557
Invok: Lesser Servant of |       |       |       |    13 |    14 ||    27
       Greater Servant o |       |       |       |     2 |     2 ||     4
 Abil: Heal Wounds       |     2 |     7 |     6 |    26 |    42 ||    83
Evoke: Wand              |       |       |       |       |     1 ||     1
  Use: Scroll            |       |     1 |     1 |    18 |    15 ||    35
       Potion            |       |       |       |       |     5 ||     5
 Stab: Distracted        |       |       |       |     4 |     5 ||     9
  Eat: Chunk             |       |     3 |    12 |    11 |    12 ||    38
       Ration            |       |       |       |     1 |     1 ||     2
Armor: Scale mail        |     3 |       |       |       |       ||     3
       Chain mail        |    99 |   103 |   175 |   119 |   344 ||   840
       Plate armour      |       |       |   129 |   311 |       ||   440
Dodge: Dodged            |    20 |    49 |   163 |   271 |   338 ||   841
Block: Kite shield       |    41 |   122 |   323 |   609 |   569 ||  1664

Table legend:
 A = Non-vault XP
 B = Vault XP
 C = Vault XP percentage of total XP
 D = Non-vault monster count
 E = Vault monster count
 F = Vault count percentage of total count
                 A         B        C        D         E       F
            +---------+---------+-------+---------+---------+-------
      Total |   67253 |   28009 |  29.4 |     442 |     146 |  24.8
            +---------+---------+-------+---------+---------+-------
        D:1 |      16 |       0 |   0.0 |       9 |       0 |   0.0
        D:2 |      22 |       0 |   0.0 |       6 |       0 |   0.0
        D:3 |      29 |       0 |   0.0 |       7 |       0 |   0.0
        D:4 |     259 |       0 |   0.0 |      21 |       0 |   0.0
        D:5 |     667 |     658 |  49.7 |      25 |      18 |  41.9
        D:6 |     830 |     157 |  15.9 |      28 |       1 |   3.4
        D:7 |     664 |      53 |   7.4 |      13 |       9 |  40.9
        D:8 |    1106 |    1021 |  48.0 |      23 |       5 |  17.9
        D:9 |    1192 |       0 |   0.0 |      27 |       0 |   0.0
       D:10 |    5198 |       0 |   0.0 |      41 |       0 |   0.0
       D:11 |    6001 |    2135 |  26.2 |      29 |      13 |  31.0
       D:12 |    2392 |    5140 |  68.2 |      13 |      10 |  43.5
       D:13 |   10851 |       0 |   0.0 |      32 |       0 |   0.0
       D:14 |    6630 |    5234 |  44.1 |      25 |      11 |  30.6
       D:15 |   11397 |    1758 |  13.4 |      34 |       2 |   5.6
     Temple |       2 |       0 |   0.0 |       1 |       0 |   0.0
     Lair:1 |    2595 |       0 |   0.0 |      12 |       0 |   0.0
     Lair:2 |    1699 |    1584 |  48.2 |       7 |      16 |  69.6
   Spider:1 |    1749 |       0 |   0.0 |       7 |       0 |   0.0
   Spider:2 |    4155 |       0 |   0.0 |      12 |       0 |   0.0
   Spider:3 |    7135 |       0 |   0.0 |      23 |       0 |   0.0
      Orc:1 |    1390 |     934 |  40.2 |      22 |       1 |   4.3
      Orc:2 |    1274 |    8060 |  86.4 |      25 |      26 |  51.0
    Ossuary |       0 |     148 | 100.0 |       0 |       9 | 100.0
     Bailey |       0 |    1127 | 100.0 |       0 |      25 | 100.0
            +---------+---------+-------+---------+---------+-------
